 Dungeon Crawl Stone Soup version 0.18-a0-846-g91b95b1 (webtiles) character file.

144 Geeful the Ruffian (level 5, -5/37 HPs)
             Began as a Human Wanderer on Dec 20, 2015.
             Killed by nerve-wracking pain
             ... invoked by Grinder
              (12 damage)
             ... on level 3 of the Dungeon.
             The game lasted 00:10:12 (2345 turns).

Geeful the Ruffian (Human Wanderer)                 Turns: 2345, Time: 00:10:12

Health: -5/37      AC: 10    Str: 15    XL:     5   Next: 51%
Magic:  6/6        EV: 10    Int: 12    God:
Gold:   76         SH:  0    Dex: 11    Spells: 0 memorised, 6 levels left

rFire  . . .     SeeInvis .       - Unarmed
rCold  . . .     Gourm    .     b - +1 ring mail
rNeg   . . .     Faith    .     (no shield)
rPois  .         Spirit   .     (no helmet)
rElec  .         Dismiss  .     (no cloak)
rCorr  .         Reflect  .     (no gloves)
SustAt .         Harm     .     (no boots)
MR     .....                    (no amulet)
Stlth  ..........               r - ring of flight
                                e - +4 ring of protection

@: confused, not resistant to hostile enchantments, extremely unstealthy
A: no striking features
a: Evoke Flight


You were on level 3 of the Dungeon.
You were not hungry.

You visited 1 branch of the dungeon, and saw 3 of its levels.

You collected 76 gold pieces.

Inventory:

Missiles
 n - 17 poisoned needles
Armour
 b - a +1 ring mail (worn)
 s - a +0 plate armour
Jewellery
 e - a +4 ring of protection (left hand)
 r - a ring of flight (right hand)
Wands
 a - a wand of frost (19/48)
 m - a wand of random effects (24/48)
Scrolls
 i - a scroll of fear {unknown}
 j - a scroll of enchant armour
 p - a scroll of remove curse
 q - a scroll of identify
Potions
 c - a potion of lignification
 h - a potion of invisibility {unknown}
 l - 2 potions of might {unknown}
 o - a potion of curing {unknown}
Comestibles
 f - 2 bread rations
 g - a slice of pizza
 k - a chunk of flesh
 t - a meat ration


   Skills:
 - Level 1.0 Fighting
 - Level 4.0 Armour
 + Level 4.7 Unarmed Combat
 - Level 1.0 Spellcasting
   Level 1.0 Necromancy
   Level 1.0 Air Magic
 - Level 2.0 Evocations


You had 6 spell levels left.
You didn't know any spells.

Dungeon Overview and Level Annotations

Branches:
Dungeon (3/15)

Altars:
Dithmenos
Qazlal

Annotations:
D:3 Grinder


Message History

Grinder gestures at you. You resist with significant effort.
The orc hits you but does no damage. Grinder hits you!
You writhe in agony.
The orc hits you with a club. Grinder gestures at you.
Pain shoots through your body!
* * * LOW HITPOINT WARNING * * *
The orc hits you but does no damage. Grinder hits you but does no damage.
The orc hits you but does no damage. Grinder hits you.
* * * LOW HITPOINT WARNING * * *
You writhe in agony.
* * * LOW HITPOINT WARNING * * *
The orc hits you but does no damage.
You can move again.
Drink which item? (? for menu, Esc to quit)
You are confused.
You feel invigorated. Grinder gestures at you. Pain shoots through your body!
You die...

#.#### ..##
#.#....... ...###..
#..#### ..### ... #
#r# #.#####@###
#......5o.#
####...##......
#...# $###.. ### ###
##.## . #.# #.#
####.###.## #.# #.#
#...........
#.###.###.##.###.#..
#.........##.#


You could see Grinder, an orc and a rat.

Vanquished Creatures
  Ijyb (D:2)
  Jessica (D:2)
  4 adders
  3 worms
  A giant gecko (D:1)
  3 bats
  2 giant cockroaches
  5 hobgoblins
  6 jackals (D:1)
  5 kobolds
  A ball python (D:2)
  10 giant newts
  4 goblins
  9 rats
55 creatures vanquished.

Notes
Turn   | Place    | Note
--------------------------------------------------------------
     0 | D:1      | Geeful the Human Wanderer began the quest for the Orb.
     0 | D:1      | Geeful set off with: a wand of frost (15/48), a +0 ring mail, a potion of lignification, a +0 club, a bread ration
     0 | D:1      | Reached XP level 1. HP: 15/15 MP: 2/2
    53 | D:1      | Reached skill level 1 in Unarmed Combat
    60 | D:1      | Reached XP level 2. HP: 8/21 MP: 3/3
   336 | D:1      | You fall through a shaft!
   357 | D:2      | Reached XP level 3. HP: 19/26 MP: 4/4
  1273 | D:2      | Noticed Jessica
  1283 | D:2      | Killed Jessica
  1283 | D:2      | Reached XP level 4. HP: 17/32 MP: 5/5
  1788 | D:2      | Found a shadowy altar of Dithmenos.
  1816 | D:2      | Noticed Ijyb
  1852 | D:2      | Killed Ijyb
  1852 | D:2      | Reached XP level 5. HP: 37/37 MP: 6/6
  2223 | D:2      | Found a stormy altar of Qazlal.
  2332 | D:3      | Noticed Grinder
  2339 | D:3      | Paralysed by Grinder for 6 turns
  2345 | D:3      | Killed from afar by Grinder

Vault maps used:
D:1:      dpeg_arrival_rooms_b
D:2:      overflow_temple_1_default, nicolae_overflow_hidden_temple, uniq_iyjb,
          uniq_jessica
D:3:      nicolae_ru_path_of_blood, led_sif_pool, cheibrodos_ashenzari_chains,
          uniq_natasha, uniq_grinder, uniq_sigmund

Action                   |  1- 3 |  4- 6 || total
-------------------------+-------+-------++-------
Melee: Unarmed           |   166 |   196 ||   362
Evoke: Wand              |    11 |     1 ||    12
  Use: Scroll            |     5 |     1 ||     6
       Potion            |       |     2 ||     2
  Eat: Chunk             |     1 |     4 ||     5
